 Dungeon Crawl Stone Soup version 0.24.0-13-gcf9b319 (webtiles) character file.

Game seed: 15283480826805931265, levelgen mode: deterministic

84 Bronimir the Stinger (level 4, 0/31 HPs)
             Began as a Formicid Venom Mage on Apr 18, 2020.
             Was an Initiate of Nemelex Xobeh.
             Slain by an ice beast (14 damage)
             ... on level 3 of the Dungeon.
             The game lasted 00:05:08 (2080 turns).

Bronimir the Stinger (Formicid Venom Mage)          Turns: 2080, Time: 00:05:09

Health: 0/31       AC:  3    Str: 14    XL:     4   Next: 74%
Magic:  8/8        EV: 12    Int: 14    God:    Nemelex Xobeh [......]
Gold:   133        SH:  0    Dex: 11    Spells: 2/8 levels left

rFire    . . .     SeeInvis +   a - +0 glaive
rCold    . . .     Gourm    .   (no shield)
rNeg     . . .     Faith    .   x - +0 robe
rPois    .         Spirit   .   (helmet unavailable)
rElec    .         Reflect  .   (no cloak)
rCorr    .         Harm     .   v - +0 pair of gloves
MR       .....                  (no boots)
Stlth    ++........             (no amulet)
HPRegen  0.10/turn              (no ring)
MPRegen  0.11/turn              (no ring)

@: no status effects
A: permanent stasis, dig shafts and tunnels, four strong arms, antennae 3
a: Dig, Shaft Self, Draw Escape, Draw Destruction, Draw Summoning, Renounce
Religion


You were on level 3 of the Dungeon.
You worshipped Nemelex Xobeh.
Nemelex Xobeh was noncommittal.
You were hungry.

You visited 1 branch of the dungeon, and saw 3 of its levels.

You collected 133 gold pieces.

Inventory:

Hand Weapons
 a - a +0 glaive (weapon)
 f - a +0 club
 w - a +0 long sword
Missiles
 p - 19 stones
 s - 25 poisoned darts (quivered)
 t - 16 bolts
 u - 7 arrows
Armour
 v - a +0 pair of gloves (worn)
 x - a +0 robe (worn)
Jewellery
 i - an uncursed ring of fire {unknown}
Scrolls
 b - 2 scrolls of enchant armour {unknown}
 e - 2 scrolls of teleportation {unknown}
 k - a scroll of immolation {unknown}
 m - 5 scrolls of identify {unknown}
 q - a scroll of remove curse {unknown}
Potions
 d - a potion of resistance {unknown}
 g - 2 potions of curing {unknown}
 h - a potion of cancellation {unknown}
 j - a potion of magic {unknown}
 l - a potion of flight {unknown}
 n - a potion of invisibility {unknown}
 o - a potion of berserk rage {unknown}
 r - a potion of haste {unknown}
Comestibles
 c - 4 rations


   Skills:
 * Level 0.7 Fighting
 + Level 0.1 Maces & Flails
 * Level 0.1 Polearms
 * Level 1.5 Armour
 + Level 1.9 Dodging
 - Level 2.4 Stealth
 * Level 2.8 Spellcasting
 * Level 1.6 Conjurations
 - Level 0.1 Air Magic
 * Level 4.9 Poison Magic
 * Level 0.2 Invocations


You had 2 spell levels left.
You knew the following spells:

 Your Spells              Type           Power        Failure   Level  Hunger
a - Sting                 Conj/Pois      ##..         5%          1    #......
b - Poisonous Vapours     Pois/Air       #.....       12%         2    ###....
c - Mephitic Cloud        Conj/Pois/Air  #.......     26%         3    ###....

Your spell library contained the following spells:

 Spells                   Type           Power        Failure   Level  Hunger
 Magic Dart               Conj           #...         11%         1    #......
 Call Imp                 Summ           #.......     32%         2    ###....
 Slow                     Hex            #.......     32%         2    ###....
 Olgreb's Toxic Radiance  Pois           ###.....     28%         4    #####..
 Conjure Flame            Conj/Fire      #.......     43%         3    ###....
 Venom Bolt               Conj/Pois      ##........   83%         5    ######.
 Blink                    Tloc           Unusable     N/A         2    N/A

Dungeon Overview and Level Annotations

Branches:
Dungeon (3/15)

Altars:
Makhleb
Nemelex Xobeh
Yredelemnul


Innate Abilities, Weirdness & Mutations

You cannot be hasted, slowed, berserked, paralysed or teleported.
You can dig through walls and to a lower floor.
Your four strong arms can wield two-handed weapons with a shield.
You have a pair of large antennae on your head. (SInv)


Message History

Orders for allies: a - Attack new target. p - Attack previous target. r - Retreat! s - Stop attacking. g - Guard the area. f - Follow me.
Anything else - Cancel.
Gang up on whom?
Press: ? - help, Dir - move target cursor, f/p - ice beast
Aim: an ice beast (heavily wounded) Attack!
The ice beast closely misses you.
You barely miss the ice beast.
The ice beast is heavily wounded.
Your -2 hand axe of venom hits the ice beast but does no damage.
The ice beast is poisoned.
The ice beast hits you but does no damage.
Your -2 hand axe of venom hits the ice beast but does no damage.
The ice beast barely misses you.
You hit the ice beast.
The ice beast is severely wounded.
The ice beast hits you. The ice beast freezes you!
You die...
Your body disappears without a glow.

#.# #$ .#
#.# .#.#
#.# ..†#
#.# #?.#
#.# #..#
#.# #..#
###.#.##..#
#...#.##Y.#
#.###.##@(#
#.# #.##..#
#.# #†##..#
#.# #.##..#
#.# #.##..#
#.###.....#
#.........#
###########


You could see an ice beast and a friendly -2 hand axe of venom.

Vanquished Creatures
  Jessica (D:2)
  An adder (D:2)
  An ooze (D:2)
  A worm (D:2)
  2 leopard geckos
  3 bats
  2 giant cockroaches
  6 goblins
  7 hobgoblins
  3 jackals (D:2)
  A quokka (D:2)
  A frilled lizard (D:2)
  5 kobolds
  3 rats
37 creatures vanquished.

Notes
Turn   | Place    | Note
-------+----------+-------------------------------------------
     0 | D:1      | Bronimir the Formicid Venom Mage began the quest for the
                  | Orb.
     0 | D:1      | Reached XP level 1. HP: 13/13 MP: 3/3
   124 | D:1      | Reached skill level 1 in Conjurations
   167 | D:1      | Reached XP level 2. HP: 12/19 MP: 0/5
   273 | D:1      | Learned a level 2 spell: Poisonous Vapours
   579 | D:2      | Reached XP level 3. HP: 25/25 MP: 0/6
   824 | D:2      | Reached skill level 1 in Armour
   856 | D:2      | Found a sparkling altar of Nemelex Xobeh.
   908 | D:2      | Became a worshipper of Nemelex Xobeh the Trickster
   932 | D:2      | Found a basalt altar of Yredelemnul.
   968 | D:2      | Found a burning altar of Makhleb.
   968 | D:2      | Noticed a blizzard demon
   981 | D:2      | Received a gift from Nemelex Xobeh
  1339 | D:2      | Learned a level 3 spell: Mephitic Cloud
  1403 | D:2      | Reached XP level 4. HP: 22/31 MP: 0/7
  1895 | D:2      | Noticed Jessica
  1901 | D:2      | Killed Jessica
  2034 | D:3      | Received a gift from Nemelex Xobeh
  2057 | D:3      | Noticed an ice beast
  2080 | D:3      | Slain by an ice beast

Levels and vault maps discovered:
D:1:      shiori_shiawase, layout_basic, glass_columns_a, minmay_fountain_box
D:2:      layout_loops_corners, yredelemnul_altar_generic, lemuel_crystal_altar,
          hex_large, makhleb_altar_promises_db, uniq_jessica
D:3:      layout_basic, nicolae_overflow_hidden_temple, first_ration,
          gammafunk_ghost_grave, minmay_misc_feat_five

Skill      XL: |  1  2  3 |
---------------+----------+-----
Conjurations   | 1 |  1.6
Armour         | 1 |  1.5
Fighting       | |  0.7
Maces & Flails | |  0.1
Polearms       | |  0.1
Dodging        | |  1.9
Stealth        | |  2.4
Spellcasting   | |  2.8
Air Magic      | |  0.1
Poison Magic   | |  4.9
Invocations    | |  0.2

Action                   |  1- 3 |  4- 6 || total
-------------------------+-------+-------++-------
Melee: Club              |    35 |     6 ||    41
       Glaive            |       |     7 ||     7
 Cast: Sting             |    13 |     2 ||    15
       Poisonous Vapours |    21 |     5 ||    26
 Abil: Draw Destruction  |       |     3 ||     3
       Draw Summoning    |       |     2 ||     2
 Stab: Sleeping          |       |     1 ||     1
  Eat: Chunk             |     2 |     3 ||     5
Armor: Robe              |    10 |     1 ||    11
Dodge: Dodged            |    40 |     8 ||    48
